 Dungeon Crawl Stone Soup version 0.31-a0-40-g1d5085d191 (webtiles) character file.

Game seed: 8271026175926661201

33 senseless the Insei (level 3, -2/26 HPs)
             Began as a Demonspawn Transmuter on May 17, 2023.
             Constricted to death by Natasha (4 damage)
             ... on level 2 of the Dungeon.
             The game lasted 00:03:29 (1073 turns).

senseless the Insei (Demonspawn Transmuter)         Turns: 1073, Time: 00:03:31

Health: -2/26      AC:  2    Str: 12    XL:     3   Next: 12%
Magic:  3/6        EV:  9    Int: 14    God:
Gold:   55         SH:  0    Dex: 13    Spells: 3/6 levels left

rFire   . .          .
                       - Unarmed
rCold   . . .        (no shield)
rNeg    . . .        a - +0 robe
rPois   .            (helmet currently unavailable)
rElec   .            (no cloak)
rCorr   +            (no gloves)
SInv    .            f - melded +0 pair of boots
Will    .....        (no amulet)
Stlth   +            k - ring of resist corrosion
HPRegen 0.24/turn    (no ring)
MPRegen 0.10/turn

%: no passive effects
@: appendages, wereblooded, grasped by roots, constricted
A: horns 2, talons 2, weakness stinger 2
a: End Transformation


You were on level 2 of the Dungeon.
You had temporarily grown beastly horns and talons.
You visited 1 branch of the dungeon, and saw 2 of its levels.

You collected 55 gold pieces.

Inventory:

Hand Weapons
 g - a +0 short sword of speed
Missiles
 c - 2 poisoned darts
Armour
 a - a +0 robe (worn)
 f - a +0 pair of boots (melded)
Jewellery
 k - a ring of resist corrosion (left hand)
Scrolls
 h - a scroll of amnesia {unknown}
Potions
 b - a potion of lignification
 d - a potion of flight {unknown}
 e - a potion of curing {unknown}
 i - a potion of heal wounds {unknown}
 j - a potion of attraction {unknown}


   Skills:
 + Level 1.6 Fighting
 + Level 2.1 Dodging
 + Level 3.0 Unarmed Combat
 + Level 2.3 Spellcasting
 + Level 2.1 Transmutations


You had 3 spell levels left.
You knew the following spells:

 Your Spells              Type           Power      Damage    Failure   Level
a - Beastly Appendage     Tmut           14%        N/A       10%         1
b - Wereblood             Tmut           7%         N/A       14%         2

Your spell library contained the following spells:

 Spells                   Type           Power      Damage    Failure   Level
 Spider Form              Tmut/Pois      4%         N/A       41%         3
 Ice Form                 Ice/Tmut       4%         N/A       83%         4


Dungeon Overview and Level Annotations

Branches:
Dungeon (2/15)

Altars:

Annotations:
D:2 Natasha


Innate Abilities, Weirdness & Mutations

You have temporarily grown beastly horns and talons.
You have a tail ending in a sharp stinger.


Message History

Your +0 pair of boots unmelds from your body.
Magic restored.
A ball python comes into view.
The ball python hisses angrily.
You grow a pair of large bovine horns.
Your feet morph into talons.
Your +0 pair of boots melds into your body.
Natasha, Servant of Life and Death comes into view.
She is carrying a wand of roots (11).
Natasha hisses angrily.
Natasha casts a spell.
The cerulean imp shouts!
An adder comes into view.
The ball python closely misses you. The ball python grabs you.
The ball python constricts you.
You hit the ball python.
Your tail-slap misses the ball python.
Your punch misses the ball python.
The ball python is severely wounded.
The ball python bites you. The ball python constricts you.
A rat comes into view.
You hit the ball python.
You kill the ball python!
Natasha casts a spell.
Casting: Beastly Appendage (safe; 10% risk of failure)
Confirm with . or Enter, or press ? or * to list all spells.
Your blood is infused with primal strength.
Natasha zaps a wand.
The roots erupt in riotous growth!
The grasping roots grab you!
The cerulean imp is unaffected.
The grasping roots constrict you.
The cerulean imp hits you but does no damage.
You hear a shout!
You barely miss the cerulean imp. Your kick misses the cerulean imp.
Your headbutt misses the cerulean imp.
Your tail-slap misses the cerulean imp.
The cerulean imp barely misses you. The grasping roots constrict you.
You miss the cerulean imp. Your kick misses the cerulean imp.
Your punch misses the cerulean imp.
The cerulean imp hits you with a +2 spear.
Natasha casts a spell at you. The magic dart hits you.
* * * LOW HITPOINT WARNING * * *
The grasping roots constrict you.
You die...

#...# #...# #
#...# .# #
#...###.#.#
#<........#
##.†.....#
#.).....#
#########.......#
...r.5†@....†...#
.....h5.........#
......S......#.##
.................
.................#
.................#
.......######....#
....... ....#


You could see Natasha, 2 cerulean imps, an adder and a rat.

Vanquished Creatures
  A dart slug (D:1)
  An endoplasm (D:1)
  2 giant cockroaches
  2 hobgoblins
  3 jackals (D:1)
  A quokka (D:1)
  4 ball pythons
  5 bats
  2 frilled lizards (D:1)
  4 goblins
  2 kobolds (D:1)
  2 rats
29 creatures vanquished.

Notes
Turn   | Place    | Note
-------+----------+-------------------------------------------
     0 | D:1      | senseless the Demonspawn Transmuter began the quest for the
                  | Orb.
     0 | D:1      | Reached XP level 1. HP: 15/15 MP: 3/3
   270 | D:1      | Gained mutation: You have a small tail. [demonic ancestry]
   270 | D:1      | Reached XP level 2. HP: 19/21 MP: 3/5
  1012 | D:1      | Learned a level 2 spell: Wereblood
  1023 | D:2      | Gained mutation: You have a tail ending in a sharp stinger.
                  | [demonic ancestry]
  1023 | D:2      | Reached XP level 3. HP: 26/26 MP: 2/6
  1033 | D:2      | Reached skill level 3 in Unarmed Combat
  1067 | D:2      | Noticed Natasha
  1073 | D:2      | Constricted to death by Natasha

Illustrated notes

Levels and vault maps discovered:
D:1:      spicycebolla_arrival_transporter_tutorial, layout_basic
D:2:      layout_basic, basic_altar, minmay_joined_circles, uniq_sigmund,
          uniq_terence, uniq_natasha

Skill      XL: |  1  2  3 |
---------------+----------+-----
Dodging        | 2 |  2.1
Transmutations | 2 |  2.1
Unarmed Combat | 3 |  3.0
Fighting       | |  1.6
Spellcasting   | |  2.3

Action                     || total
---------------------------++-------
  Melee: Unarmed           ||    59
         Kick              ||    10
         Headbutt          ||     9
         Tailslap          ||     1
   Cast: Beastly Appendage ||    17
         Wereblood         ||     2
 Armour: Robe              ||    16
  Dodge: Dodged            ||    47

Table legend: (Time is in decaauts)
 A = Elapsed time spent in this place.
 B = Non-inter-level travel time spent in this place.
 C = Inter-level travel time spent in this place.
 D = Time resting spent in this place.
 E = Time spent auto-exploring this place.
 F = Levels seen in this place.
 G = Mean time per level.
                   A        B        C        D        E       F      G
               +--------+--------+--------+--------+--------+-----+--------+
         Total |   1069 |   1043 |     26 |      0 |    869 |   2 |  534.5 |
       Dungeon |   1069 |   1043 |     26 |      0 |    869 |   2 |  534.5 |
               +--------+--------+--------+--------+--------+-----+--------+

Top non-repeatable levels by time:
     D:1: 1013 daAuts
     D:2: 56 daAuts
